 Dungeon Crawl Stone Soup version 0.23.2-40-g277498a001 (webtiles) character file.

Game seed: 13785981111269506361

110 Acheron the Chopper (level 4, -1/27 HPs)
             Began as a Gargoyle Gladiator on Sept 16, 2019.
             Slain by a worm (5 damage)
             ... on level 2 of the Dungeon.
             The game lasted 00:04:42 (1495 turns).

Acheron the Chopper (Gargoyle Gladiator)            Turns: 1495, Time: 00:04:43

Health: -1/27      AC:  7    Str: 17    XL:     4   Next: 91%
Magic:  5/5        EV: 11    Int:  9    God:
Gold:   58         SH:  3    Dex: 12    Spells: 5/5 levels left

rFire    . . .     SeeInvis .   a - +0 war axe
rCold    . . .     Gourm    .   e - +0 buckler
rNeg     + . .     Faith    .   b - +0 leather armour
rPois    ∞         Spirit   .   c - +0 helmet
rElec    +         Reflect  .   (no cloak)
rCorr    .         Harm     .   (no gloves)
MR       .....                  (no boots)
Stlth    +.........             (no amulet)
HPRegen  0.09/turn              (no ring)
MPRegen  0.09/turn              (no ring)

@: no status effects
A: negative energy resistance 1, electricity resistance, unbreathing,
petrification resistance, rot immunity, AC +3
a: no special abilities


You were on level 2 of the Dungeon.
You were not hungry.

You visited 1 branch of the dungeon, and saw 2 of its levels.

You collected 58 gold pieces.

Inventory:

Hand Weapons
 a - a +0 war axe (weapon)
 i - a +1 short sword of speed
 t - a +0 hunting sling
Missiles
 d - 3 throwing nets (quivered)
 g - 55 stones
Armour
 b - a +0 leather armour (worn)
 c - a +0 helmet (worn)
 e - a +0 buckler (worn)
Scrolls
 h - 4 scrolls of identify {unknown}
 m - 2 scrolls of teleportation {unknown}
 o - a scroll of fog {unknown}
 p - a scroll of amnesia {unknown}
 q - 2 scrolls of remove curse {unknown}
Potions
 j - a potion of lignification {unknown}
 k - 2 potions of flight {unknown}
 l - a potion of curing {unknown}
 n - a potion of agility {unknown}
 s - 2 potions of ambrosia {unknown}
Comestibles
 f - 3 rations
 r - 3 chunks of flesh


   Skills:
 * Level 2.8 Fighting
 + Level 3.5 Axes
 * Level 2.2 Throwing
 * Level 1.3 Armour
 + Level 2.5 Dodging
 * Level 1.0 Stealth
 * Level 1.3 Spellcasting


You had 5 spell levels left.
You didn't know any spells.
Your spell library was empty.

Dungeon Overview and Level Annotations

Branches:
Dungeon (2/15)

Altars:
Nemelex Xobeh


Innate Abilities, Weirdness & Mutations

You are resistant to torment.
Your stone body is resilient. (AC +3)
You are immune to poison.
You resist negative energy. (rN+)
You are resistant to electric shocks. (rElec)
You can survive without breathing.
You are immune to petrification.
You are immune to rotting.


Message History

The worm misses you.
You hit the worm.
The worm is severely wounded.
You barely miss the worm.
The worm is severely wounded.
The worm closely misses you.
You hit the worm but do no damage.
The worm is severely wounded.
The worm bites you!
You hit the worm but do no damage.
The worm is severely wounded.
The worm bites you but does no damage.
You barely miss the worm.
The worm is severely wounded.
The worm bites you.
* * * LOW HITPOINT WARNING * * *
You slash the worm!
The worm is almost dead.
The worm bites you.
You die...

######## #...
###......##############...
K<............÷...........
#................####...
#......########### ####
#....†..# #......$#
#######.# #@# #
......%w.[.# .
..#####........ .
####.##.. .). ... ... ..#


You could see a worm.

Vanquished Creatures
  Jessica (D:2)
  5 adders (D:2)
  An ooze (D:1)
  A dart slug (D:1)
  A leopard gecko (D:1)
  3 bats
  A giant cockroach (D:2)
  A hobgoblin (D:1)
  2 jackals (D:1)
  2 ball pythons (D:1)
  3 frilled lizards
  7 goblins
  7 kobolds (D:1)
  3 rats (D:1)
38 creatures vanquished.

Notes
Turn   | Place    | Note
-------+----------+-------------------------------------------
     0 | D:1      | Acheron the Gargoyle Gladiator began the quest for the Orb.
     0 | D:1      | Reached XP level 1. HP: 12/12 MP: 1/1
   167 | D:1      | Reached XP level 2. HP: 14/18 MP: 2/2
   517 | D:1      | Reached skill level 3 in Axes
   740 | D:1      | Reached XP level 3. HP: 11/22 MP: 3/3
  1389 | D:2      | Reached skill level 1 in Spellcasting
  1389 | D:2      | Reached XP level 4. HP: 26/27 MP: 3/5
  1391 | D:2      | Found a sparkling altar of Nemelex Xobeh.
  1391 | D:2      | Noticed Jessica
  1411 | D:2      | Killed Jessica
  1411 | D:2      | Reached skill level 1 in Armour
  1411 | D:2      | Reached skill level 1 in Stealth
  1495 | D:2      | Slain by a worm

Skill      XL: |  1  2  3  4 |
---------------+-------------+-----
Axes           | 3 |  3.5
Spellcasting   | 1 |  1.3
Throwing       | 2 |  2.2
Armour         | 1 |  1.3
Stealth        | 1 |  1.0
Fighting       | |  2.8
Dodging        | |  2.5

Action                   |  1- 3 |  4- 6 || total
-------------------------+-------+-------++-------
Melee: War axe           |   116 |    25 ||   141
  Eat: Chunk             |     2 |       ||     2
Armor: Leather armour    |    64 |     9 ||    73
Dodge: Dodged            |    89 |    19 ||   108
Block: Buckler           |    22 |     1 ||    23
